 Dungeon Crawl Stone Soup version 0.17.2-1-ge4368a0 (webtiles) character file.

130 jacquesderrida the Ruffian (level 5, -1/30 HPs)
             Began as a Vine Stalker Wanderer on Sept 28, 2016.
             Slain by Grinder (2 damage)
             ... on level 4 of the Dungeon.
             The game lasted 00:04:47 (909 turns).

jacquesderrida the Ruffian (Vine Stalker Wanderer)   Turns: 909, Time: 00:04:48

Health: -1/30      AC:  3    Str: 19    XL:     5   Next: 13%
Magic:  0/6        EV: 11    Int: 15    God:
Gold:   122        SH:  0    Dex: 12    Spells: 0 memorised, 4 levels left

rFire  + . .     SeeInvis .     a - +2 spear
rCold  + . .     Clarity  .     o - +0 leather armour
rNeg   . . .     SustAt   .     (no shield)
rPois  +         Gourm    .     (no helmet)
rElec  +         Spirit   +     (no cloak)
rCorr  +         Warding  .     (no gloves)
rMut   .         Stasis   .     (no boots)
MR     .....                    (no amulet)
Stlth  +.........               (no ring)
                                j - ring of flight

@: brilliant, resistant, not resistant to hostile enchantments, very unstealthy
A: fangs 2, regeneration 1, magic shield, antimagic bite, no device heal 3, rot
immunity
a: Evoke Flight


You were on level 4 of the Dungeon.
You were hungry.

You visited 1 branch of the dungeon, and saw 4 of its levels.

You collected 122 gold pieces.

Inventory:

Hand Weapons
 a - a +2 spear (weapon)
Armour
 d - a +0 robe
 o - a +0 leather armour (worn)
Jewellery
 j - a ring of flight (left hand)
Scrolls
 c - a scroll of fog {unknown}
 f - 2 scrolls of remove curse {unknown}
 g - 3 scrolls of identify {unknown}
 l - 2 scrolls of immolation {unknown}
 n - 3 scrolls of teleportation {unknown}
 p - a scroll of fear {unknown}
 q - a scroll of enchant weapon {unknown}
 r - a scroll of blinking {unknown}
Potions
 b - 2 potions of curing
 k - a potion of mutation {unknown}
Comestibles
 e - 3 bread rations
 h - a meat ration


   Skills:
 - Level 4.5 Fighting
 - Level 1.0 Throwing
 - Level 2.4 Armour
   Level 1.0 Shields
 + Level 4.6 Unarmed Combat


You had 4 spell levels left.
You didn't know any spells.

Dungeon Overview and Level Annotations

Branches:
Dungeon (4/15)
 Temple: D:4-7

Altars:
Trog

Annotations:
D:4 Grinder


Innate Abilities, Weirdness & Mutations

You have extremely sharp teeth.
Your natural rate of healing is unusually fast.
When hurt, damage is shared between your health and your magic reserves.
Your bite disrupts and absorbs the magic of your enemies.
Potions and wands cannot restore your health.
You are immune to rotting.


Message History

Items here: )) [[ ††
Items here: )) [[ †† You are feeling hungry.
There is an open door here.
You hit Grinder but do no damage. You bite Grinder, but do no damage.
Grinder is moderately wounded.
Grinder hits you!
* * * LOW HITPOINT WARNING * * *
You are too injured to fight recklessly!
Unknown command.
You hit Grinder. You bite Grinder.
Grinder's magic leaks into the air.
You drain his magic.
You feel invigorated.
Grinder is moderately wounded.
Grinder barely misses you.
You barely miss Grinder. Your bite misses Grinder.
Grinder is moderately wounded.
Grinder hits you!
* * * LOW HITPOINT WARNING * * *
You writhe in agony.
You die...

################ #######
##...............
.......####........########
.......#...........#.......
Z......#...........#.######
.......+...................
.......#...).#######.#.#.##
..>....###@#.# .# # ##
.r.#### #5#)# . #. ##
#######.#.# ## #.
..........# #<
.#......####### ##
#.5...........
#............. #
##+###........ #........


You could see Grinder.

Vanquished Creatures
  An orc wizard (D:4)
  Ijyb (D:3)
  4 adders
  An adder skeleton (D:4)
  2 worms
  5 orcs
  3 giant cockroaches
  4 hobgoblins (D:2)
  3 bats
  2 goblins (D:1)
  2 rats
28 creatures vanquished.

Notes
Turn   | Place    | Note
--------------------------------------------------------------
     0 | D:1      | jacquesderrida the Vine Stalker Wanderer began the quest for the Orb.
     0 | D:1      | jacquesderrida set off with: a +2 spear, a potion of curing, a potion of lignification, a +0 robe, a bread ration
     0 | D:1      | Reached XP level 1. HP: 14/14 MP: 2/2
   111 | D:2      | Reached skill level 1 in Unarmed Combat
   163 | D:2      | Reached XP level 2. HP: 18/18 MP: 3/3
   294 | D:2      | Reached XP level 3. HP: 17/21 MP: 4/4
   359 | D:2      | Found a bloodstained altar of Trog.
   362 | D:2      | SOOKA
   440 | D:3      | Noticed Ijyb
   493 | D:3      | Killed Ijyb
   493 | D:3      | Reached XP level 4. HP: 8/26 MP: 3/5
   851 | D:4      | Reached XP level 5. HP: 8/30 MP: 4/6
   881 | D:4      | Noticed Grinder
   909 | D:4      | HP: 1/30 [Grinder (4)]
   909 | D:4      | Slain by Grinder

Action                   |  1- 3 |  4- 6 || total
-------------------------+-------+-------++-------
Melee: Spear             |   103 |    58 ||   161
       Unarmed           |       |     3 ||     3
  Use: Potion            |     1 |     2 ||     3
 Stab: Distracted        |       |     1 ||     1
